 Dungeon Crawl Stone Soup version 0.20.1-1-g8b1a95d66d (webtiles) character file.

212 Gargoyl the Skirmisher (level 5, -3/46 HPs)
             Began as a Centaur Abyssal Knight on Nov 22, 2017.
             Was a Believer of Lugonu.
             Slain by a centaur (5 damage)
             ... on level 4 of the Dungeon.
             The game lasted 00:05:55 (3958 turns).

Gargoyl the Skirmisher (Centaur Abyssal Knight)     Turns: 3958, Time: 00:05:55

Health: -3/46      AC:  6    Str: 14    XL:     5   Next: 58%
Magic:  7/7        EV:  8    Int: 11    God:    Lugonu [**....]
Gold:   171        SH:  0    Dex: 12    Spells: 4/4 levels left

rFire    . . .     SeeInvis .   a - +1 hand axe
rCold    . . .     Gourm    .   (no shield)
rNeg     . . .     Faith    .   n - +0 ring mail
rPois    .         Spirit   .   (no helmet)
rElec    .         Reflect  .   (no cloak)
rCorr    .         Harm     .   (no gloves)
MR       .....                  (no barding)
Stlth    ..........             (no amulet)
Regen    0.2/turn               (no ring)
MPRegen  0.1/turn               (no ring)

@: very quick
A: hooves 3, agile 1, deformed body, speed 2, tough skin 3, MP-powered wands
a: Depart the Abyss, Bend Space, Renounce Religion


You were on level 4 of the Dungeon.
You worshipped Lugonu.
Lugonu was pleased with you.
You were hungry.

You visited 1 branch of the dungeon, and saw 4 of its levels.
You visited the Abyss 1 time.

You collected 171 gold pieces.

Inventory:

Hand Weapons
 a - a +1 hand axe (weapon)
Missiles
 d - 7 steel javelins (quivered)
Armour
 n - a +0 ring mail (worn)
Scrolls
 b - a scroll of recharging {unknown}
 f - 2 scrolls of identify
 i - 5 scrolls of remove curse
 k - 2 scrolls of teleportation
 o - a scroll of amnesia
Potions
 e - 4 potions of curing
 g - a potion of haste
 l - a potion of heal wounds
 m - 2 potions of mutation
Comestibles
 c - 4 bread rations
 h - 2 meat rations
 j - a royal jelly
 p - 4 fruits


   Skills:
 + Level 3.9 Fighting
 + Level 3.2 Axes
 + Level 0.2 Throwing
 * Level 2.5 Armour
 + Level 0.9 Dodging
 * Level 3.1 Invocations


You had 4 spell levels left.
You didn't know any spells.

Dungeon Overview and Level Annotations

Branches:
Dungeon (4/15)
 Temple: D:4-7

Altars:
Sif Muna


Innate Abilities, Weirdness & Mutations

You have hooves in place of feet.
Armour fits poorly on your strangely shaped body.
You cover ground very quickly.
You have extremely tough skin. (AC +3)
You are agile. (Dex +2)
You expend magic power (3 MP) to strengthen your wands.


Message History

You see here an arrow.
The centaur shoots an arrow.
The arrow hits you! The arrow freezes you.
You see here an arrow.
The centaur shoots an arrow.
The arrow hits you. The arrow freezes you.
* * * LOW HITPOINT WARNING * * *
You see here an arrow.
The centaur shoots an arrow.
The arrow hits you.
* * * LOW HITPOINT WARNING * * *
The arrow freezes you.
* * * LOW HITPOINT WARNING * * *
You see here an arrow.
The centaur unwields an uncursed shortbow of freezing.
The centaur hits you.
* * * LOW HITPOINT WARNING * * *
You hit the centaur.
The centaur is moderately wounded.
The centaur hits you.
* * * LOW HITPOINT WARNING * * *
The centaur hits you.
You die...

#.......#
#.......#
#.......#
#.......#
##.......#
.........#
.......c.#
.......@.#
.......(.#
.......(.#########
.......(.#.......#
##.....(.#.......#
#.......#.......#
#......(#.......#
#.......#.......#
#.......#.......#


You could see a centaur.

Vanquished Creatures
  2 orc wizards (D:3)
  2 gnolls (D:1)
  6 adders
  An ooze (D:2)
  4 worms (D:2)
  4 orcs (D:3)
  2 giant cockroaches
  7 goblins
  7 hobgoblins
  6 jackals
  8 kobolds
  2 quokkas
  A ball python (D:2)
  7 bats
  7 rats
66 creatures vanquished.

Notes
Turn   | Place    | Note
-------+----------+-------------------------------------------
     0 | Abyss:1  | Gargoyl the Centaur Abyssal Knight began the quest for the Orb.
     0 | Abyss:1  | Reached XP level 1. HP: 19/19 MP: 2/2
    49 | Abyss:1  | Gained mutation: You expend magic power (3 MP) to strengthen your wands. [potion of mutation]
    49 | Abyss:1  | Gained mutation: You are agile. (Dex +2) [potion of mutation]
    56 | Abyss:1  | Noticed a freezing wraith
    60 | Abyss:1  | Found a deep blue altar of Sif Muna.
    63 | Abyss:1  | Noticed a small abomination
    81 | Abyss:1  | Noticed a large abomination
    86 | Abyss:1  | Noticed a small abomination
   152 | Abyss:2  | Noticed a bone dragon
   171 | D:1      | Escaped the Abyss
   210 | D:1      | Reached XP level 2. HP: 5/26 MP: 3/3
   748 | D:1      | Reached * piety under Lugonu
   763 | D:1      | Reached XP level 3. HP: 19/31 MP: 4/4
  1613 | D:2      | Reached XP level 4. HP: 10/39 MP: 5/5
  2331 | D:2      | Found a deep blue altar of Sif Muna.
  2714 | D:2      | Reached ** piety under Lugonu
  3039 | D:3      | Reached XP level 5. HP: 35/46 MP: 7/7
  3951 | D:4      | Noticed a centaur
  3958 | D:4      | HP: 2/46 [centaur (1)]
  3958 | D:4      | Slain by a centaur

Skill      XL: |  1  2  3  4 |
---------------+-------------+-----
Axes           | 2 3 |  3.2
Armour         | 2 |  2.5
Invocations    | 3 |  3.1
Fighting       | |  3.9
Throwing       | |  0.2
Dodging        | |  0.9

Action                   |  1- 3 |  4- 6 || total
-------------------------+-------+-------++-------
Melee: Hand axe          |    65 |   120 ||   185
       Kick              |    12 |    33 ||    45
Throw: Javelin           |       |     2 ||     2
Invok: Depart the Abyss  |     1 |       ||     1
  Use: Scroll            |     3 |     5 ||     8
       Potion            |     1 |       ||     1
  Eat: Chunk             |     1 |     6 ||     7
Armor: Leather armour    |    25 |    15 ||    40
       Ring mail         |       |    30 ||    30
Dodge: Dodged            |    34 |    55 ||    89
